 Dungeon Crawl Stone Soup version 0.29-a0-520-gc852659d43 (webtiles) character file.

Game seed: 5685493929352609599

7116 siradein the Fighter (level 10, -1/120 HPs)
             Began as a Demonspawn Berserker on June 1, 2022.
             Was a Believer of Trog.
             Slain by a vampire (4 damage)
             ... on level 9 of the Dungeon.
             The game lasted 00:24:12 (13113 turns).

siradein the Fighter (Demonspawn Berserker)        Turns: 13113, Time: 00:24:14

Health: -1/120     AC: 12    Str: 19    XL:     10   Next: 85%
Magic:  10/10      EV: 15    Int:  8    God:    Trog [**....]
Gold:   587        SH:  7    Dex: 22    Spells: 9/9 levels left

rFire   . . .      SeeInvis .   j - +0 long sword
rCold   + . .      Faith    .   r - +0 buckler
rNeg    + . .      Spirit   .   p - +3 ring mail
rPois   .          Reflect  .   (no helmet)
rElec   .          Harm     .   F - scarf {repulsion}
rCorr   .          Rampage  .   b - +0 pair of gloves
Will    +....                   y - +0 pair of boots
Stlth   ..........              (no amulet)
HPRegen 0.30/turn               s - ring of willpower
MPRegen 0.24/turn               D - ring of Xom's Recklessness {rC+ rN+}

@: berserking (expiring), spiked, repel missiles, very quick
A: thin skeletal structure 3, magic regeneration
a: Renounce Religion, Berserk, Trog's Hand


You were on level 9 of the Dungeon.
You worshipped Trog.
Trog was pleased with you.
You visited 1 branch of the dungeon, and saw 9 of its levels.

You collected 587 gold pieces.

Inventory:

Hand Weapons
 j - a +0 long sword (weapon)
Missiles
 m - a throwing net (quivered)
 E - a curare-tipped dart
Armour
 b - a +0 pair of gloves (worn)
 p - a +3 ring mail (worn)
 r - a +0 buckler (worn)
 y - a +0 pair of boots (worn)
 F - a scarf of repulsion (worn)
Jewellery
 s - a ring of willpower (left hand)
 D - the ring of Xom's Recklessness (right hand) {rC+ rN+}
   (You found it on level 6 of the Dungeon)

   [ring of positive energy]

   rC:        It protects you from cold.
   rN:        It protects you from negative energy.
Wands
 t - a wand of charming (5)
Scrolls
 a - a scroll of acquirement {unknown}
 g - 2 scrolls of immolation {unknown}
 k - 2 scrolls of teleportation {unknown}
 l - a scroll of fog {unknown}
 n - a scroll of silence {unknown}
 o - 2 scrolls of noise {unknown}
 q - 5 scrolls of amnesia
 v - 2 scrolls of magic mapping {unknown}
 w - 3 scrolls of enchant weapon {unknown}
 A - a scroll of vulnerability
 B - 2 scrolls of poison
 G - a scroll of blinking {unknown}
Potions
 d - 2 potions of haste
 e - 2 potions of flight {unknown}
 f - 2 potions of cancellation {unknown}
 h - 5 potions of curing {unknown}
 i - 4 potions of attraction
 u - a potion of lignification {unknown}
 x - 2 potions of heal wounds {unknown}
 z - a potion of brilliance {unknown}
 C - a potion of invisibility {unknown}
 H - a potion of mutation {unknown}
 I - a potion of degeneration {unknown}


   Skills:
 + Level 8.2 Fighting
 + Level 6.7 Long Blades
 - Level 2.9 Maces & Flails
 + Level 7.1 Armour
 + Level 7.2 Dodging
 + Level 6.4 Shields


You had 9 spell levels left.
You didn't know any spells.
Your spell library was empty.

Dungeon Overview and Level Annotations

Branches:
Dungeon (9/15)             Temple (0/1) D:6
   Lair: D:8-11         Orc: D:9-12

Altars:
Dithmenos
Makhleb
Ru
Trog
Wu Jian
Zin
The Shining One

Shops:
D:1 =

Annotations:
D:7 2 transporters


Innate Abilities, Weirdness & Mutations

You have an unnaturally thin skeletal structure. (Dex +6, Stealth+++)
You regenerate magic rapidly.


Message History

The centaur warrior cries, "Mercy!"
Your skin stops crawling.
You feel less strong-willed.
You recover from your berserk rage.
The manticore flicks its tail.
The volley of spikes is repelled.
The manticore flicks its tail.
The volley of spikes is repelled.
The manticore flicks its tail.
The volley of spikes misses you.
The volley of spikes hits something but does no damage.
A red film seems to cover your vision as you go berserk!
You feel yourself moving faster!
You feel mighty!
The manticore flicks its tail.
The volley of spikes hits you!
The barbed spikes become lodged in your body.
* * * LOW HITPOINT WARNING * * *
The barbs in your skin will harm you if you move.
Continue? [Y]es or [N]o only, please.
The barbs in your skin will harm you if you move.
Continue? [Y]es or [N]o only, please.
The barbs in your skin will harm you if you move.
Continue? [Y]es or [N]o only, please.
The barbs in your skin will harm you if you move.
Continue? [Y]es or [N]o only, please.
The barbs in your skin will harm you if you move.
Continue?
Okay, then.
You feel a strong urge to attack something.
The manticore flicks its tail.
The volley of spikes is repelled.
You hear some strange, mumbled words.
Something tries to affect you, but you resist.
You barely miss the manticore. You hit the manticore.
The manticore is lightly wounded.
The manticore barely misses you.
The manticore claws you but does no damage. x2
Something hits you.
* * * LOW HITPOINT WARNING * * *
Something bites you.
You die...

#.##...##)################.######
#.....#......................<.
#..#...##.###############........
.. ##.###.# #####........ . ##
#.# ####............ #.#
#............... #c#######.#
#.#####.........
#.........########..## #.........
#####.##........@H...###...#.#.#.
#####.###########................
....h{..# #..#####....#.#[#.
#######.## #.##._.##.........
#..## #..##'##....#.#.#. ##c.##
#................. ##h#.##
#.8.....8...#.#.#. ##.###.##
##..8.8..........
##.##C##.#####.....##...####


You could see a manticore.

Vanquished Creatures
  Erolcha (D:9)
  A two-headed ogre (D:8)
  Pikel (D:5)
  A hornet (D:8)
  A shadow (D:9)
  7 yaks (D:8)
  Eustachio (D:5)
  2 steam dragons
  Edmund (D:5)
  2 orc warriors (D:8)
  An ice beast (D:5)
  Duvessa (D:5)
  5 sky beasts
  2 black bears
  An ogre (D:6)
  A centaur (D:6)
  Blork the orc (D:4)
  3 kobold brigands
  A necrophage (D:4)
  3 bullfrogs
  A gnoll sergeant (D:7)
  2 scorpions (D:5)
  9 wights (D:8)
  Dowan (D:5)
  6 killer bees (D:8)
  2 howler monkeys (D:8)
  2 hounds (D:6)
  5 orc priests
  A gnoll shaman (D:4)
  A jelly (D:8)
  13 orc wizards
  2 iguanas
  7 gnolls
  6 adders
  3 shadow imps
  A white imp (D:5)
  An ufetubus (D:5)
  A dart slug (D:2)
  34 orcs
  4 bats
  10 endoplasms
  4 giant cockroaches
  5 goblins
  7 hobgoblins
  7 jackals
  16 kobolds
  3 quokkas
  8 ball pythons
  2 frilled lizards
  2 rats
203 creatures vanquished.

Vanquished Creatures (others)
  An orc (D:6)
1 creature vanquished.

Grand Total: 204 creatures vanquished

Notes
Turn   | Place    | Note
-------+----------+-------------------------------------------
     0 | D:1      | siradein the Demonspawn Berserker began the quest for the
                  | Orb.
     0 | D:1      | Reached XP level 1. HP: 18/18 MP: 1/1
   554 | D:1      | Gained mutation: You have a somewhat thin skeletal
                  | structure. (Dex +2, Stealth+) [demonic ancestry]
   554 | D:1      | Reached XP level 2. HP: 22/24 MP: 2/2
   586 | D:1      | Found Hevvays Fin's Jewellery Shoppe.
   696 | D:1      | Found a faded altar of an unknown god.
  1433 | D:2      | Gained mutation: You regenerate magic rapidly. [demonic
                  | ancestry]
  1433 | D:2      | Reached XP level 3. HP: 28/29 MP: 3/3
  2043 | D:2      | Reached ** piety under Trog
  2178 | D:3      | Found a burning altar of Makhleb.
  2244 | D:3      | Gained mutation: You have a moderately thin skeletal
                  | structure. (Dex +4, Stealth++) [demonic ancestry]
  2244 | D:3      | Reached XP level 4. HP: 35/35 MP: 4/4
  2316 | D:3      | Reached skill level 1 in Long Blades
  2704 | D:3      | Found a shadowy altar of Dithmenos.
  2983 | D:4      | Noticed Blork the orc
  2992 | D:4      | Killed Blork the orc
  2993 | D:4      | Reached XP level 5. HP: 42/42 MP: 5/5
  3217 | D:4      | Found a sacrificial altar of Ru.
  3375 | D:3      | Reached skill level 4 in Fighting
  3594 | D:3      | Reached skill level 1 in Shields
  3965 | D:4      | Reached XP level 6. HP: 42/48 MP: 6/6
  4301 | D:4      | Noticed an orc warrior
  4653 | D:5      | Entered Level 5 of the Dungeon
  4671 | D:5      | Noticed Eustachio
  4720 | D:5      | Gained mutation: You have an unnaturally thin skeletal
                  | structure. (Dex +6, Stealth+++) [demonic ancestry]
  4720 | D:5      | Reached XP level 7. HP: 55/55 MP: 7/7
  5024 | D:5      | Found a bloodstained altar of Trog.
  5092 | D:5      | Noticed Pikel
  5108 | D:5      | Killed Pikel
  5109 | D:5      | Reached skill level 5 in Fighting
  5109 | D:5      | Reached XP level 8. HP: 62/62 MP: 8/8
  5337 | D:5      | Noticed Edmund
  5354 | D:5      | Killed Edmund
  5554 | D:5      | Killed Eustachio
  5647 | D:5      | Noticed Duvessa
  5647 | D:5      | Noticed Dowan
  5657 | D:5      | Killed Duvessa
  5660 | D:5      | Killed Dowan
  6094 | D:6      | Reached skill level 5 in Dodging
  6111 | D:5      | Reached skill level 6 in Fighting
  6111 | D:5      | Reached skill level 5 in Armour
  6328 | D:6      | Found a staircase to the Ecumenical Temple.
  6553 | D:6      | Reached XP level 9. HP: 23/69 MP: 9/9
  7228 | D:6      | Identified the ring of Xom's Recklessness {rC+ rN+}
  7560 | D:7      | Found a transporter.
  7724 | D:7      | Found a transporter.
  7727 | D:7      | Noticed a komodo dragon
  8038 | D:7      | Reached skill level 5 in Long Blades
  8668 | D:7      | Found an ornate altar of the Wu Jian Council.
  8679 | D:7      | Noticed a manticore
  8757 | D:7      | Reached *** piety under Trog
  8963 | D:7      | Found Hezuo's Assorted Antiques.
  9647 | D:8      | Reached skill level 7 in Fighting
  9647 | D:8      | Reached skill level 5 in Shields
 10491 | D:8      | Reached XP level 10. HP: 66/79 MP: 10/10
 10505 | D:8      | HP: 1/79 [yak (7)]
 11749 | D:8      | Noticed a two-headed ogre
 11759 | D:8      | Killed a two-headed ogre
 12403 | D:8      | Reached skill level 8 in Fighting
 12863 | D:9      | Noticed a boulder beetle
 12874 | D:9      | Noticed a manticore
 13050 | D:9      | Noticed a cyclops
 13054 | D:9      | Noticed Erolcha
 13060 | D:9      | Noticed a centaur warrior
 13070 | D:9      | Killed Erolcha
 13097 | D:9      | HP: 4/80 [centaur warrior (1)]
 13113 | D:9      | HP: 3/120 [something (5)]
 13113 | D:9      | Slain by a vampire

Illustrated notes

Levels and vault maps discovered:
D:1:      lemuel_arrival_muddy, layout_basic, ebering_ecumenical_altar_hall,
          serial_shops, nicolae_shop_competitors_out_of_business
D:2:      layout_rooms, minmay_3d_cube
D:3:      layout_basic, mainiacjoe_overflow_catwalk,
          nicolae_overflow_hidden_temple
D:4:      layout_rooms, mainiacjoe_overflow_small_starburst, nrook_mini_vaults,
          uniq_blork_the_orc
D:5:      layout_basic, kennysheep_mini, lemuel_crystal_altar,
          minmay_manual_mullet, uniq_duvessa, uniq_eustachio, uniq_edmund,
          uniq_pikel
D:6:      layout_cave_pools, minmay_temple_entry_mist, minmay_checkerbox
D:7:      layout_loops_corners, gammafunk_temple_overflow_arena, serial_shops,
          kennysheep_mini_moat, chequers_serial_rivers_small_a
D:8:      layout_layer_cave, nicolae_sextant
D:9:      layout_loops_ring, general_overflow_altar,
          mainiacjoe_overflow_alcove_4, zin_statuary, serial_glass,
          glass_columns_b, glass_columns_c, glass_columns_c, glass_columns_a,
          glass_columns_a, minmay_diamond_spiral, uniq_erolcha

Skill      XL: |  1  2  3  4  5  6  7  8  9 10 |
---------------+-------------------------------+-----
Armour         | 2 3 4 5 6 7 |  7.1
Dodging        | 2 3 4 5 6 7 |  7.2
Long Blades    | 1 2 3 4 5 6 |  6.7
Fighting       | 4 5 6 7 8 |  8.2
Shields        | 1 3 4 5 6 |  6.4
Maces & Flails | |  2.9

Action                   |  1- 3 |  4- 6 |  7- 9 | 10-12 || total
-------------------------+-------+-------+-------+-------++-------
Melee: Mace              |    30 |       |       |       ||    30
       Dagger            |   110 |       |       |       ||   110
       Punch             |     4 |       |       |       ||     4
       Long sword        |    12 |   148 |   491 |   220 ||   871
Invok: Berserk           |     1 |     3 |     7 |     8 ||    19
       Trog's Hand       |       |       |       |     3 ||     3
  Use: Scroll            |       |     4 |     1 |     4 ||     9
 Stab: Sleeping          |       |     3 |     8 |     1 ||    12
       Distracted        |       |       |     2 |       ||     2
Armor: Animal skin       |     5 |       |       |       ||     5
       Chain mail        |    71 |    31 |       |       ||   102
       Ring mail         |       |    43 |   222 |    98 ||   363
Dodge: Dodged            |    67 |    90 |   332 |   205 ||   694
       Repelled          |       |       |     1 |     4 ||     5
Block: Buckler           |       |    36 |   139 |   110 ||   285

Table legend: (Time is in decaauts)
 A = Elapsed time spent in this place.
 B = Non-inter-level travel time spent in this place.
 C = Inter-level travel time spent in this place.
 D = Time resting spent in this place.
 E = Time spent auto-exploring this place.
 F = Levels seen in this place.
 G = Mean time per level.
                   A        B        C        D        E       F      G
               +--------+--------+--------+--------+--------+-----+--------+
         Total |  13488 |  13289 |    199 |   3241 |   7421 |   9 | 1498.7 |
       Dungeon |  13488 |  13289 |    199 |   3241 |   7421 |   9 | 1498.7 |
               +--------+--------+--------+--------+--------+-----+--------+

Top non-repeatable levels by time:
     D:8: 3566 daAuts
     D:5: 1948 daAuts
     D:7: 1754 daAuts
     D:4: 1295 daAuts
     D:3: 1266 daAuts
     D:1: 1255 daAuts
     D:6: 1056 daAuts
     D:2: 929 daAuts
     D:9: 414 daAuts
